 Dungeon Crawl Stone Soup version 0.28.0-53-g5a82cb258f (webtiles) character file.

Game seed: 1067357386384707324

41 hawla the Stinger (level 3, -1/19 HPs)
             Began as a Deep Elf Venom Mage on Aug 21, 2022.
             Slain by a worm (11 damage)
             ... on level 3 of the Dungeon.
             The game lasted 00:04:55 (2782 turns).

hawla the Stinger (Deep Elf Venom Mage)             Turns: 2782, Time: 00:04:55

Health: -1/19      AC:  2    Str:  5    XL:     3   Next: 32%
Magic:  18/18      EV: 13    Int: 23    God:
Gold:   108        SH:  0    Dex: 19    Spells: 7/8 levels left

rFire   . . .      SeeInvis .   d - +1 dagger (venom)
rCold   . . .      Faith    .   (no shield)
rNeg    . . .      Spirit   .   a - +0 robe
rPois   .          Reflect  .   (no helmet)
rElec   .          Harm     .   (no cloak)
rCorr   +          Rampage  .   (no gloves)
Will    .....                   (no boots)
Stlth   ++++......              j - amulet of Kilezatu {Regen+ rCorr Int+2 Dex+4 Stlth+}
HPRegen 0.86/turn               c - ring of magical power
MPRegen 0.16/turn               (no ring)

@: no status effects
A: no striking features
a: no special abilities


You were on level 3 of the Dungeon.
You visited 1 branch of the dungeon, and saw 3 of its levels.

You collected 108 gold pieces.

Inventory:

Hand Weapons
 d - a +1 dagger of venom (weapon)
Missiles
 b - 6 poisoned darts (quivered)
Armour
 a - a +0 robe (worn)
Jewellery
 c - a ring of magical power (left hand)
 j - the amulet of Kilezatu (around neck) {Regen+ rCorr Int+2 Dex+4 Stlth+}
   (You found it on level 3 of the Dungeon)

   [amulet of regeneration]

   Int:       It affects your intelligence (+2).
   Dex:       It affects your dexterity (+4).
   Regen:     It increases your rate of health regeneration.
   rCorr:     It protects you from acid and corrosion.
   Stlth:     It makes you more stealthy.
Scrolls
 h - a scroll of blinking {unknown}
 k - a scroll of identify
Potions
 e - a potion of curing {unknown}
 f - a potion of degeneration {unknown}
 g - a potion of flight {unknown}
 i - 2 potions of brilliance {unknown}


   Skills:
 + Level 0.1 Short Blades
 + Level 2.5 Dodging
 + Level 3.1 Stealth
 + Level 3.4 Spellcasting
 + Level 1.5 Transmutations
 + Level 4.1 Poison Magic


You had 7 spell levels left.
You knew the following spells:

 Your Spells              Type           Power      Damage    Failure   Level
a - Sting                 Tmut/Pois      64%        1d6       3%          1

Your spell library contained the following spells:

 Spells                   Type           Power      Damage    Failure   Level
 Poisonous Vapours        Pois/Air       26%        N/A       7%          2
 Ignite Poison            Fire/Tmut/Pois 12%        N/A       16%         3
 Mephitic Cloud           Conj/Pois/Air  10%        N/A       19%         3
 Olgreb's Toxic Radiance  Pois           22%        N/A       21%         4
 Freezing Cloud           Conj/Ice/Air   1%         6-21      97%         5


Dungeon Overview and Level Annotations

Branches:
Dungeon (3/15)

Altars:


Message History

You kill the orc!
You hit the ball python.
The ball python is poisoned.
The ball python is moderately wounded.
The ball python barely misses you. The ball python closely misses you.
You hit the ball python but do no damage.
The ball python looks even sicker.
The ball python is heavily wounded.
The ball python bites you. The ball python grabs you.
The ball python constricts you.
You barely miss the ball python.
The ball python is heavily wounded.
The ball python closely misses you. The ball python constricts you.
The ball python closely misses you. The ball python constricts you.
You hit the ball python.
The ball python looks as sick as possible!
The ball python is severely wounded.
You kill the ball python!
No target in view!
k - a scroll of identify
Items here: ) [ ††.
Found a stone staircase leading down.
A worm comes into view.
A worm is nearby!
A worm is nearby!
You hit the worm.
The worm is lightly wounded.
The worm bites you!
Ouch! That really hurt!
You are too injured to fight recklessly!
You are too injured to fight recklessly!
You are too injured to fight recklessly!
You are too injured to fight recklessly!
You are too injured to fight recklessly!
You hit the worm.
The worm is moderately wounded.
You hit the worm.
The worm is poisoned.
The worm is heavily wounded.
The worm bites you!
Ouch! That really hurt!
You die...

#........#...#
#........#.#.#
#........#.#.#
#########........#.#.#
...................#.#######
#.#######........###.......#
#.# #†.........'.......# #.#
#.##########.......# #.#
#.#.....@w.#.......# #.#
#)#..#####.#.......# #.#
#.#..###.# #.......# #.#
#.#......# #.......# #.#
#.#..###.# ######### #.#
#.#.># #.# #.# #.#..# #.#
#.# #.#..# #.############
#.# #.#..# #............#


You could see a worm (very poisoned).

Vanquished Creatures
  A worm (D:2)
  A dart slug (D:3)
  An orc (D:3)
  3 ball pythons
  3 endoplasms
  A giant cockroach (D:3)
  2 goblins
  3 hobgoblins
  2 kobolds
  2 quokkas (D:1)
  5 bats
  4 frilled lizards
  5 rats
33 creatures vanquished.

Notes
Turn   | Place    | Note
-------+----------+-------------------------------------------
     0 | D:1      | hawla the Deep Elf Venom Mage began the quest for the Orb.
     0 | D:1      | Reached XP level 1. HP: 10/10 MP: 6/6
   504 | D:1      | Found a faded altar of an unknown god.
   544 | D:1      | Reached XP level 2. HP: 15/15 MP: 5/8
  1221 | D:2      | Reached skill level 4 in Poison Magic
  2335 | D:3      | Reached XP level 3. HP: 19/19 MP: 9/9
  2607 | D:3      | Identified the amulet of Kilezatu {Regen+ rCorr Int+2 Dex+4
                  | Stlth+}
  2782 | D:3      | Slain by a worm

Illustrated notes

Levels and vault maps discovered:
D:1:      roderic_octagonal_star, layout_rooms,
          hellmonk_ecumenical_altar_pennies_from_heaven,
          chequers_decorated_corner
D:2:      layout_loops_ring
D:3:      layout_basic

Skill      XL: |  1  2  3 |
---------------+----------+-----
Poison Magic   | 4 |  4.1
Stealth        | 3 |  3.1
Short Blades   | |  0.1
Dodging        | |  2.5
Spellcasting   | |  3.4
Transmutations | |  1.5

Action                   || total
-------------------------++-------
Melee: Unarmed           ||     5
       Dagger            ||    50
 Cast: Sting             ||    28
  Use: Scroll            ||     1
 Stab: Sleeping          ||     5
Armor: Robe              ||     5
Dodge: Dodged            ||    42
